 Dungeon Crawl Stone Soup version 0.28-a0-750-g7c675f85b1 (webtiles) character file.

Game seed: 4562742374474989083

11 ytrimaz the Ducker (level 2, -1/22 HPs)
             Began as a Demonspawn Gladiator on Oct 29, 2021.
             Slain by a jackal (3 damage)
             ... on level 1 of the Dungeon.
             The game lasted 00:01:12 (217 turns).

ytrimaz the Ducker (Demonspawn Gladiator)            Turns: 217, Time: 00:01:14

Health: -1/22      AC:  4    Str: 14    XL:     2   Next: 13%
Magic:  2/2        EV: 12    Int:  9    God:
Gold:   0          SH:  0    Dex: 14    Spells: 1/1 levels left

rFire   . . .      SeeInvis .   (no weapon)
rCold   . . .      Faith    .   (no shield)
rNeg    . . .      Spirit   .   b - +0 leather armour
rPois   .          Reflect  .   c - +0 helmet
rElec   .          Harm     .   (no cloak)
rCorr   .          Rampage  .   (no gloves)
Will    .....                   (no boots)
Stlth   +.........              (no amulet)
HPRegen 0.07/turn               (no ring)
MPRegen 0.08/turn               (no ring)

@: no status effects
A: claws 1
a: no special abilities


You were on level 1 of the Dungeon.
You visited 1 branch of the dungeon, and saw 1 of its levels.

Inventory:

Missiles
 d - 3 throwing nets (quivered)
Armour
 b - a +0 leather armour (worn)
 c - a +0 helmet (worn)
Scrolls
 g - a scroll of identify {unknown}
Potions
 f - a potion of brilliance {unknown}


   Skills:
 + Level 2.1 Fighting
 - Level 3.0 Axes
 - Level 1.7 Throwing
 + Level 3.0 Dodging


You had one spell level left.
You didn't know any spells.
Your spell library was empty.

Dungeon Overview and Level Annotations

Branches:
Dungeon (1/15)

Altars:


Innate Abilities, Weirdness & Mutations

You have sharp fingernails.


Message History

The hobgoblin hits you.
You have reached level 2!
Your demonic ancestry asserts itself...
Your fingernails lengthen.
The jackal barks!
You slash the hobgoblin!
You kill the hobgoblin!
You slash the jackal!
You kill the jackal!
Your Axes skill increases to level 3!
Your Dodging skill increases to level 3!
You see here a hobgoblin corpse.
Unknown command.
Unknown command.
You are now empty-clawed.
You drop a +1 war axe.
The jackal bites you.
You scratch the endoplasm.
The endoplasm is moderately wounded.
The endoplasm completely misses you.
The jackal bites you but does no damage.
You scratch the endoplasm but do no damage.
The endoplasm is moderately wounded.
The jackal barely misses you. The endoplasm freezes you.
You are frozen.
You barely miss the endoplasm.
The endoplasm is moderately wounded.
The jackal closely misses you. The endoplasm closely misses you.
The jackal barely misses you.
You scratch the endoplasm but do no damage.
The endoplasm is moderately wounded.
The endoplasm hits you but does no damage.
The jackal bites you.
You scratch the endoplasm.
The endoplasm is severely wounded.
The jackal bites you. The endoplasm freezes you.
You are frozen.
* * * LOW HITPOINT WARNING * * *
The jackal bites you.
You die...

#.###....###
#.#.#.....#.####
#.#.######...... #.#.#
#..#### ## #.#.# #..#
.. #.#.# #..#
####.####.#.######..#
......h)............#.#
#..J@.)....†.......#
#.##############.###
#.# .# ##


You could see an endoplasm and a jackal.

Vanquished Creatures
  2 giant cockroaches (D:1)
  A hobgoblin (D:1)
  A jackal (D:1)
  A frilled lizard (D:1)
  3 goblins (D:1)
  A kobold (D:1)
  2 rats (D:1)
11 creatures vanquished.

Notes
Turn   | Place    | Note
-------+----------+-------------------------------------------
     0 | D:1      | ytrimaz the Demonspawn Gladiator began the quest for the
                  | Orb.
     0 | D:1      | Reached XP level 1. HP: 16/16 MP: 1/1
   210 | D:1      | Gained mutation: You have sharp fingernails. [demonic
                  | ancestry]
   210 | D:1      | Reached XP level 2. HP: 13/22 MP: 2/2
   217 | D:1      | Slain by a jackal

Illustrated notes

Levels and vault maps discovered:
D:1:      dpeg_arrival_snail, layout_loops_ring, serial_shops, shop_statue,
          hellmonk_ecumenical_altar_run_dry, minmay_close_crescents

Skill      XL: |  1  2 |
---------------+-------+-----
Axes           | 3 |  3.0
Dodging        | 3 |  3.0
Fighting       | |  2.1
Throwing       | |  1.7

Action                   || total
-------------------------++-------
Melee: War axe           ||    21
       Unarmed           ||     5
  Use: Scroll            ||     1
Armor: Leather armour    ||     9
Dodge: Dodged            ||    19

Table legend: (Time is in decaauts)
 A = Elapsed time spent in this place.
 B = Non-inter-level travel time spent in this place.
 C = Inter-level travel time spent in this place.
 D = Time resting spent in this place.
 E = Time spent auto-exploring this place.
 F = Levels seen in this place.
 G = Mean time per level.
                   A        B        C        D        E       F      G
               +--------+--------+--------+--------+--------+-----+--------+
         Total |    224 |    224 |      0 |      0 |    140 |   1 |  224.0 |
       Dungeon |    224 |    224 |      0 |      0 |    140 |   1 |  224.0 |
               +--------+--------+--------+--------+--------+-----+--------+

Top non-repeatable levels by time:
     D:1: 224 daAuts
